 Dungeon Crawl Stone Soup version 0.31-a0-43-g46d131a48f (webtiles) character file.

Game seed: 15132273993006333061

1169 ders the Digger (level 8, -2/45 HPs)
             Began as a Gargoyle Earth Elementalist on May 19, 2023.
             Killed from afar by an acid dragon (9 damage)
             ... with a splash of acid
             ... on level 6 of the Dungeon.
             The game lasted 00:08:19 (4528 turns).

ders the Digger (Gargoyle Earth Elementalist)       Turns: 4528, Time: 00:08:19

Health: -2/45      AC: 13    Str: 10 (12) XL:     8   Next: 40%
Magic:  13/18      EV: 11    Int: 15 (18) God:
Gold:   442        SH:  0    Dex:  9 (10) Spells: 17/21 levels left

rFire   . . .        c - +0 sling
rCold   . . .        (no shield)
rNeg    + . .        a - +0 robe
rPois   ∞            z - +0 helmet
rElec   +            l - +0 cloak
rCorr   .            (no gloves)
SInv    .            (no boots)
Will    .....        (no amulet)
Stlth   ++           k - +4 ring of protection
HPRegen 0.27/turn    y - ring of wizardry
MPRegen 0.16/turn

%: wizardry (x1)
@: brilliant, on berserk cooldown, attractive, slowed, very slow
A: sickness immunity, AC +5, negative energy resistance 1, electricity
resistance, torment resistance 1, petrification resistance, robust 1
a: no special abilities


You were on level 6 of the Dungeon.
You visited 1 branch of the dungeon, and saw 6 of its levels.

You collected 442 gold pieces.

Inventory:

Hand Weapons
 c - a +0 sling (weapon)
Armour
 a - a +0 robe (worn)
 e - a +0 buckler
 l - a +0 cloak (worn)
 z - a +0 helmet (worn)
 C - a scarf of harm
Magical Staves
 d - a staff of death
Jewellery
 k - a +4 ring of protection (left hand)
 y - a ring of wizardry (right hand)
Wands
 q - a wand of polymorph (5)
 s - a wand of roots (6)
 x - a wand of acid (2)
 A - a wand of charming (11)
Scrolls
 f - a scroll of enchant weapon {unknown}
 h - a scroll of enchant armour {unknown}
 i - 5 scrolls of identify {unknown}
 j - a scroll of fear {unknown}
 n - a scroll of amnesia {unknown}
 o - 3 scrolls of teleportation {unknown}
 u - a scroll of fog {unknown}
 w - 2 scrolls of immolation {unknown}
Potions
 b - 2 potions of magic
 m - 2 potions of degeneration
 p - 2 potions of mutation
 r - a potion of flight {unknown}
 t - a potion of curing {unknown}
 v - a potion of attraction


   Skills:
 - Level 1.5 Dodging
 - Level 2.1 Stealth
 + Level 7.0 Spellcasting
 * Level 2.8 Conjurations
 - Level 0.7 Transmutations
 + Level 7.3 Earth Magic
 + Level 1.4 Evocations


You had 17 spell levels left.
You knew the following spells:

 Your Spells              Type           Power      Damage    Failure   Level
a - Sandblast             Erth           80%        2d17      1%          1
b - Stone Arrow           Conj/Erth      60%        3d10      1%          3

Your spell library contained the following spells:

 Spells                   Type           Power      Damage    Failure   Level
 Magic Dart               Conj           80%        1d7       1%          1
 Passwall                 Tmut/Erth      21%        N/A       1%          2
 Searing Ray              Conj           40%        2d5       2%          2
 Momentum Strike          Conj/Tloc      28%        3d8       4%          2
 Blink                    Tloc           14%        N/A       9%          2
 Lesser Beckoning         Tloc           14%        N/A       9%          2
 Dazzling Flash           Conj/Hex       28%        N/A       9%          3
 Hailstorm                Conj/Ice       14%        3d5       9%          3
 Petrify                  Tmut/Erth      26%        N/A       11%         4
 Fulminant Prism          Conj/Hex       7%         3d7       28%         4
 Ice Form                 Ice/Tmut       9%         N/A       41%         4
 Passage of Golubria      Tloc           7%         N/A       45%         4
 Agony                    Necr           7%         N/A       78%         5
 Silence                  Hex/Air        3%         N/A       78%         5
 Simulacrum               Ice/Necr       3%         N/A       100%        6
 Lehudib's Crystal Spear  Conj/Erth      15%        10d5      100%        8


Dungeon Overview and Level Annotations

Branches:
Dungeon (6/15)
 Temple: D:4-7

Altars:
Hepliaklqana
Ru

Shops:
D:3 [

Annotations:
D:6 Eustachio


Innate Abilities, Weirdness & Mutations

You are immune to sickness and miasma.
Your stone body is resilient. (AC +5)
You are immune to poison.
You resist negative energy. (rN+)
You are resistant to electric shocks. (rElec)
You are resistant to unholy torment.
You are immune to petrification.
You are robust. (+10% HP)


Message History

Okay, then.
It was a potion of mutation.
You feel extremely strange.
You feel robust. Eustachio closely misses you. The crimson imp hits you.
* * * LOW HITPOINT WARNING * * *
The acid dragon closely misses you.
The acid dragon claws you but does no damage.
It was a potion of degeneration.
There was something very wrong with that liquid.
You feel weakened.
You feel dopey.
You feel clumsy.
Eustachio stings you but does no damage.
The crimson imp closely misses you. The acid dragon closely misses you. x2
It was a potion of attraction.
You feel attractive to monsters. Eustachio barely misses you.
Eustachio stings you but does no damage.
The crimson imp closely misses you. The acid dragon closely misses you.
The acid dragon claws you but does no damage.
It was a potion of berserk rage.
A red film seems to cover your vision as you go berserk!
You feel yourself moving faster!
You feel mighty! Eustachio misses you.
The crimson imp blinks!
The acid dragon barely misses you. The acid dragon closely misses you.
The crimson imp is attracted toward you.
You feel a strong urge to attack something.
The crimson imp is attracted toward you.
You are too berserk!
You feel your anger nearly subside.
You are no longer berserk.
You are exhausted.
You feel yourself slow down. Eustachio is attracted toward you.
The shadow imp is attracted toward you. The shadow imp is attracted toward you.
The acid dragon is attracted toward you.
It was a potion of brilliance.
You feel clever all of a sudden.
The crimson imp disappears in a puff of smoke!
Eustachio stings you but does no damage.
The acid dragon spits acid at you. The splash of acid hits you!
You die...

##### ###### ....## ##....##
.....# #......# .....# #......#
.....# #......# ....## #......#
.###.###########...############
.....#...##..###...##...##....###
.........#.....s@..+.............
.........+....5§...#.............
....##D..#...§D....#.>...........
.....#...##.§§##...####.####....#
.....#...##.§.#########.####....#
.≈≈≈......#§.........+....#......
.≈....@...'...)......#....#......
≈≈.≈......#..........#....#......
...≈.#.†.########+##.##...##'####


You could see an acid dragon (catching breath), Eustachio the scorpion and a
shadow imp (summoned).

Vanquished Creatures
  Sigmund (D:3)
  2 phantoms
  Blork the orc (D:6)
  A bullfrog (D:6)
  2 scorpions (D:5)
  A jelly (D:2)
  2 hounds
  5 iguanas
  A sleepcap (D:6)
  Natasha (thrice) (D:2)
  Ijyb (D:5)
  2 orc wizards
  9 adders
  A shadow imp (D:5)
  An ufetubus (D:5)
  A worm (D:3)
  4 dart slugs
  12 orcs
  6 endoplasms
  3 giant cockroaches
  11 goblins
  7 hobgoblins
  11 jackals
  4 quokkas
  8 ball pythons
  2 bats (D:3)
  4 frilled lizards
  10 kobolds
  6 rats
122 creatures vanquished.

Notes
Turn   | Place    | Note
-------+----------+-------------------------------------------
     0 | D:1      | ders the Gargoyle Earth Elementalist began the quest for
                  | the Orb.
     0 | D:1      | Reached XP level 1. HP: 10/10 MP: 3/3
   109 | D:1      | You fall into a shaft and drop 1 floor!
   175 | D:2      | Reached XP level 2. HP: 4/15 MP: 0/5
   451 | D:1      | Reached XP level 3. HP: 10/19 MP: 1/7
  1225 | D:1      | Found a faded altar of an unknown god.
  1397 | D:2      | Reached XP level 4. HP: 24/24 MP: 5/9
  1478 | D:2      | Noticed Natasha
  1483 | D:2      | Killed Natasha
  1540 | D:2      | Noticed Natasha
  1545 | D:2      | Killed Natasha
  1546 | D:2      | Reached XP level 5. HP: 14/28 MP: 7/11
  1658 | D:2      | Noticed Natasha
  1682 | D:2      | Killed Natasha
  1683 | D:2      | Reached skill level 5 in Earth Magic
  2082 | D:3      | Reached XP level 6. HP: 32/32 MP: 11/13
  2164 | D:3      | Found Jixot's Antique Armour Boutique.
  2469 | D:3      | Found a sacrificial altar of Ru.
  2554 | D:3      | Noticed Sigmund
  2559 | D:3      | Killed Sigmund
  2560 | D:3      | Reached skill level 5 in Spellcasting
  2735 | D:4      | Reached XP level 7. HP: 36/36 MP: 15/15
  3337 | D:5      | Entered Level 5 of the Dungeon
  3503 | D:5      | Noticed Ijyb
  3509 | D:5      | Killed Ijyb
  3939 | D:5      | Learned a level 3 spell: Stone Arrow
  4003 | D:5      | Reached XP level 8. HP: 41/41 MP: 16/18
  4206 | D:6      | Noticed Blork the orc
  4211 | D:6      | Killed Blork the orc
  4212 | D:6      | Reached skill level 1 in Conjurations
  4375 | D:6      | Reached skill level 1 in Evocations
  4397 | D:6      | Found a hazy altar of Hepliaklqana.
  4477 | D:6      | Noticed Eustachio
  4516 | D:6      | Eustachio changed into Eustachio the scorpion
  4516 | D:6      | Noticed Eustachio
  4520 | D:6      | Gained mutation: You are robust. (+10% HP) [potion of
                  | mutation]
  4528 | D:6      | Killed from afar by an acid dragon

Illustrated notes

Levels and vault maps discovered:
D:1:      dpeg_arrival_three_same_balls, layout_basic,
          shapermc_ecumenical_altar_totnotflames, minmay_pentomino_q4
D:2:      layout_loops_ring, uniq_natasha
D:3:      layout_rooms, nicolae_ru_awakened_eye, serial_shops,
          nicolae_shop_pleasant_corner_grove, nrook_loot_triangle, uniq_sigmund
D:4:      layout_loops_cross, nrook_mini_vaults
D:5:      layout_basic, minmay_misc_feat_secret_circle, uniq_ijyb
D:6:      layout_gridville, mainiacjoe_overflow_large_starburst,
          minmay_temple_entry_overgrown, lightli_corner_chamber, uniq_eustachio,
          uniq_duvessa, uniq_blork_the_orc

Skill      XL: |  1  2  3  4  5  6  7  8 |
---------------+-------------------------+-----
Earth Magic    | 4 5 6 7 |  7.3
Spellcasting   | 3 4 5 6 7 |  7.0
Conjurations   | 2 |  2.8
Evocations     | 1 |  1.4
Dodging        | |  1.5
Stealth        | |  2.1
Transmutations | |  0.7

Action                     |  1- 3 |  4- 6 |  7- 9 || total
---------------------------+-------+-------+-------++-------
  Melee: Sling             |       |     2 |       ||     2
   Fire: Sling             |    85 |    66 |    64 ||   215
   Cast: Sandblast         |    32 |    37 |    77 ||   146
         Stone Arrow       |       |       |     3 ||     3
  Evoke: Wand              |       |       |    12 ||    12
    Use: Potion            |       |     1 |     6 ||     7
 Armour: Robe              |    14 |    28 |    57 ||    99
  Dodge: Dodged            |    38 |    20 |    61 ||   119

Table legend: (Time is in decaauts)
 A = Elapsed time spent in this place.
 B = Non-inter-level travel time spent in this place.
 C = Inter-level travel time spent in this place.
 D = Time resting spent in this place.
 E = Time spent auto-exploring this place.
 F = Levels seen in this place.
 G = Mean time per level.
                   A        B        C        D        E       F      G
               +--------+--------+--------+--------+--------+-----+--------+
         Total |   4692 |   4514 |    178 |    403 |   3260 |   6 |  782.0 |
       Dungeon |   4692 |   4514 |    178 |    403 |   3260 |   6 |  782.0 |
               +--------+--------+--------+--------+--------+-----+--------+

Top non-repeatable levels by time:
     D:1: 1069 daAuts
     D:2: 920 daAuts
     D:5: 900 daAuts
     D:3: 754 daAuts
     D:4: 710 daAuts
     D:6: 337 daAuts
